 Dungeon Crawl Stone Soup version 0.21.0-8-gf18e19db4a (webtiles) character file.

7522 MalkierKing the Cleaver (level 10, 0/93 HPs)
             Began as a Minotaur Berserker on Jan 18, 2018.
             Was a High Priest of Trog.
             Slain by a wizard
             ... wielding a +0 long sword
              (2 damage)
             ... on level 10 of the Dungeon.
             The game lasted 00:43:01 (8696 turns).

MalkierKing the Cleaver (Minotaur Berserker)        Turns: 8696, Time: 00:43:01

Health: 0/93       AC: 11    Str: 25    XL:     10   Next: 95%
Magic:  9/9        EV: 13    Int:  4    God:    Trog [*****.]
Gold:   258        SH: 19    Dex: 13    Spells: 9/9 levels left

rFire    . . .     SeeInvis .   a - +0 war axe (venom)
rCold    . . .     Gourm    .   d - +1 large shield
rNeg     . . .     Faith    .   k - -1 ring mail (curse)
rPois    .         Spirit   .   (helmet restricted)
rElec    .         Reflect  .   L - +0 cloak
rCorr    .         Harm     .   F - +1 pair of gloves {Dex+3}
MR       .....                  D - +1 pair of boots {Fly}
Stlth    ++........             (no amulet)
HPRegen  0.25/turn              G - +2 ring of evasion
MPRegen  0.11/turn              l - ring of stealth

@: about to teleport, flying
A: retaliatory headbutt, horns 2
a: Berserk, Trog's Hand, Brothers in Arms, Burn Spellbooks, Renounce Religion,
Stop Flying


You were on level 10 of the Dungeon.
You worshipped Trog.
Trog was extremely pleased with you.
You were not hungry.

You visited 1 branch of the dungeon, and saw 10 of its levels.

You collected 378 gold pieces.
You spent 120 gold pieces at shops.

Inventory:

Hand Weapons
 a - a +0 war axe of venom (weapon)
 b - a +2 mace of protection
Armour
 d - a +1 large shield (worn)
 k - a cursed -1 ring mail (worn)
 D - a +1 pair of boots of flying (worn)
 E - a +2 chain mail of magic resistance
 F - a +1 pair of gloves of dexterity (worn)
 L - a +0 cloak (worn)
Jewellery
 l - a ring of stealth (right hand)
 m - an uncursed ring of resist corrosion
 x - an uncursed ring of flight
 G - a +2 ring of evasion (left hand)
 K - an uncursed ring of fire
Wands
 f - a wand of flame (63)
 p - a wand of acid (4)
 u - a wand of enslavement (13)
 v - a wand of digging (7)
 w - a wand of polymorph (23)
 y - a wand of paralysis (4)
 C - a wand of random effects (60)
 Q - a wand of disintegration (9)
Scrolls
 e - 3 scrolls of magic mapping
 g - 7 scrolls of teleportation
 h - a scroll of noise {unknown}
 n - a scroll of enchant armour
 r - a scroll of torment {unknown}
 s - 3 scrolls of fear
 t - a scroll of identify
 A - a scroll of blinking {unknown}
 B - a scroll of immolation {unknown}
 J - a scroll of enchant weapon
Potions
 i - 3 potions of flight
 j - a potion of haste
 o - a potion of degeneration {unknown}
 q - 3 potions of mutation
 z - 2 potions of might
 I - a potion of curing
 N - a potion of brilliance {unknown}
 O - a potion of lignification
 P - a potion of invisibility {unknown}
Miscellaneous
 H - a box of beasts
Comestibles
 c - 19 rations
 M - 6 chunks of flesh


   Skills:
 * Level 10.3 Fighting
 + Level 12.2 Axes
 + Level 6.8 Armour
 + Level 6.3 Dodging
 + Level 9.3 Shields
 + Level 0.7 Unarmed Combat


You had 9 spell levels left.
You didn't know any spells.

Dungeon Overview and Level Annotations

Branches:
Dungeon (10/15)
 Temple: D:4-7         Lair: D:8-11         Orc: D:9-12

Altars:
Ashenzari
Cheibriados
Dithmenos
Hepliaklqana
Kikubaaqudgha
Nemelex Xobeh
Okawaru
Sif Muna
Trog
Wu Jian
Xom
Zin
Beogh

Shops:
D:6 *=}?   D:7 *

Annotations:
D:10 Harold, Joseph


Innate Abilities, Weirdness & Mutations

You reflexively headbutt those who attack you in melee.
You have a pair of horns on your head.


Message History

Joseph wields an uncursed quarterstaff of protection.
Joseph barely misses you. The wizard blocks your attack.
The wizard is lightly wounded.
You hit the hippogriff.
The hippogriff looks as sick as possible!
Your shield prevents you from hitting Joseph.
You block the hippogriff's attack.
The hippogriff pecks you but does no damage.
You block the hippogriff's attack. You block Harold's attack.
The wizard hits you but does no damage.
You slash the wizard!
The wizard looks as sick as possible!
You headbutt the wizard!
The wizard is severely wounded.
You hit Joseph.
Joseph looks as sick as possible!
You slash the hippogriff!
Joseph hits you with an uncursed quarterstaff of protection.
* * * LOW HITPOINT WARNING * * *
You block the hippogriff's attack. x3; Harold barely misses you.
The wizard hits you with a long sword.
You die...

##+####
#..9@@#
+..†Hp#
#..@..#
#.....#
#!##.##
#. #.#
. ...
.. ...
.. ##.


You could see Harold, Joseph, a hippogriff, a wizard and a gargoyle.

Vanquished Creatures
  A two-headed ogre (D:8)
  An unseen horror (D:7)
  A kobold demonologist (D:8)
  A troll (D:7)
  A slime creature (D:7)
  A hippogriff (D:7)
  A hungry ghost (D:9)
  An acid dragon (D:7)
  2 orc warriors
  5 sky beasts
  A black bear (D:7)
  2 phantoms
  5 ice beasts
  A centaur (D:5)
  3 ogres
  18 big kobolds
  Blork the orc (D:4)
  5 bullfrogs
  4 killer bees (D:9)
  2 scorpions
  A water moccasin skeleton (D:6)
  6 howler monkeys
  3 crimson imps
  2 centaur zombies
  6 jellies
  4 orc priests
  2 gnoll shamans
  4 hounds
  9 orc wizards
  3 bullfrog skeletons
  Ijyb (D:3)
  2 iguanas
  Natasha (thrice) (D:2)
  6 worker ants
  A hound zombie (D:8)
  A howler monkey zombie (D:9)
  4 adders
  18 gnolls
  3 shadow imps
  9 oozes (D:2)
  An adder zombie (D:5)
  2 adder skeletons (D:5)
  3 worms
  4 dart slugs
  3 leopard geckos
  53 orcs
  7 bats
  6 giant cockroaches
  3 goblins (D:1)
  6 hobgoblins
  6 jackals
  7 quokkas
  3 ball pythons
  3 frilled lizards
  A goblin zombie (D:6)
  A jackal skeleton (D:4)
  2 jackal zombies
  28 kobolds
  A leopard gecko zombie (D:5)
  A quokka zombie (D:9)
  5 rats
  A fungus (D:2)
  A toadstool (D:2)
293 creatures vanquished.

Vanquished Creatures (others)
  A fungus (D:2)
  7 toadstools (D:2)
8 creatures vanquished.

Grand Total: 301 creatures vanquished

Notes
Turn   | Place    | Note
-------+----------+-------------------------------------------
     0 | D:1      | MalkierKing the Minotaur Berserker began the quest for the Orb.
     0 | D:1      | Reached XP level 1. HP: 19/19 MP: 0/0
    82 | D:1      | Reached skill level 4 in Axes
    82 | D:1      | Reached XP level 2. HP: 10/27 MP: 1/1
   601 | D:1      | Reached XP level 3. HP: 30/33 MP: 2/2
  1061 | D:2      | Reached skill level 1 in Shields
  1061 | D:2      | Reached XP level 4. HP: 40/40 MP: 3/3
  1062 | D:2      | Reached skill level 5 in Axes
  1062 | D:2      | Reached ** piety under Trog
  1071 | D:2      | Reached XP level 5. HP: 43/47 MP: 4/4
  1375 | D:2      | Noticed Natasha
  1381 | D:2      | Killed Natasha
  1577 | D:2      | Noticed Natasha
  1584 | D:2      | Killed Natasha
  1587 | D:2      | Reached skill level 6 in Axes
  1588 | D:2      | Noticed Natasha
  1597 | D:2      | Killed Natasha
  1597 | D:2      | Reached XP level 6. HP: 28/53 MP: 5/5
  2534 | D:3      | Reached *** piety under Trog
  2550 | D:3      | Noticed Ijyb
  2561 | D:3      | Killed Ijyb
  2949 | D:4      | Reached skill level 5 in Fighting
  3051 | D:4      | Found a hazy altar of Hepliaklqana.
  3117 | D:4      | Reached XP level 7. HP: 26/61 MP: 6/6
  3419 | D:4      | Noticed Blork the orc
  3448 | D:4      | Killed Blork the orc
  3448 | D:4      | Reached skill level 7 in Axes
  3856 | D:5      | Entered Level 5 of the Dungeon
  4192 | D:5      | Reached **** piety under Trog
  4243 | D:5      | Reached XP level 8. HP: 45/69 MP: 7/7
  4371 | D:4      | Got an ivory dagger {flame}
  4373 | D:4      | Identified the +1 dagger of the Chain {flame, +Rage rC- Int+6} (You took it off an orc on level 4 of the Dungeon)
  4401 | D:5      | Reached skill level 8 in Axes
  4462 | D:5      | Reached skill level 5 in Shields
  4625 | D:5      | Found a sparkling altar of Nemelex Xobeh.
  4725 | D:5      | Found a bloodstained altar of Trog.
  4794 | D:6      | Found Doicsiople's Assorted Antiques.
  4800 | D:6      | Bought a clouded iron ring for 120 gold pieces
  4801 | D:6      | Identified the cursed ring "Nygosoch" {EV-3 Int+2 Stlth+} (You bought it in a shop on level 6 of the Dungeon)
  4882 | D:6      | Found Waev's Gadget Emporium.
  4895 | D:6      | Found Wuzoakic's Jewellery Shop.
  4911 | D:6      | Paralysed by an orc warrior for 7 turns
  4930 | D:6      | Paralysed by an orc warrior for 7 turns
  5309 | D:6      | Found Wileus's Magic Scroll Boutique.
  5427 | D:6      | Found a glowing silver altar of Zin.
  5587 | D:6      | Reached skill level 5 in Armour
  5627 | D:6      | Received a gift from Trog
  5811 | D:6      | Found Giromes's Gadget Emporium.
  5932 | D:7      | Noticed a hippogriff
  5939 | D:7      | Killed a hippogriff
  5939 | D:7      | Reached skill level 9 in Axes
  5939 | D:7      | Reached XP level 9. HP: 57/78 MP: 8/8
  5974 | D:7      | Received a gift from Trog
  5980 | D:7      | Reached skill level 5 in Dodging
  6395 | D:7      | Found Hiudomar's General Store.
  6689 | D:7      | Noticed a troll
  6703 | D:7      | Killed a troll
  6718 | D:7      | Killed an unseen horror
  6718 | D:7      | Reached skill level 10 in Axes
  7030 | D:7      | Found an ancient bone altar of Kikubaaqudgha.
  7030 | D:7      | Found a shimmering altar of Xom.
  7214 | D:7      | Found a deep blue altar of Sif Muna.
  7214 | D:7      | Found a shattered altar of Ashenzari.
  7265 | D:7      | Found a runed door.
  7319 | D:7      | Reached ***** piety under Trog
  7337 | D:7      | Reached XP level 10. HP: 88/88 MP: 9/9
  7356 | D:7      | Found a roughly hewn altar of Beogh.
  7490 | D:7      | Found a bloodstained altar of Trog.
  7490 | D:7      | Found a shattered altar of Ashenzari.
  7555 | D:8      | Noticed a two-headed ogre
  7570 | D:8      | Killed a two-headed ogre
  7570 | D:8      | Reached skill level 11 in Axes
  8264 | D:9      | Reached skill level 12 in Axes
  8268 | D:9      | Reached skill level 10 in Fighting
  8317 | D:9      | Received a gift from Trog
  8384 | D:9      | Found an iron altar of Okawaru.
  8511 | D:9      | Found a snail-covered altar of Cheibriados.
  8511 | D:9      | Found a shimmering altar of Xom.
  8513 | D:9      | Found a shadowy altar of Dithmenos.
  8513 | D:9      | Found an ornate altar of the Wu Jian Council.
  8678 | D:10     | Entered Level 10 of the Dungeon
  8678 | D:10     | Noticed Joseph
  8680 | D:10     | Noticed Harold
  8680 | D:10     | Noticed a wizard
  8689 | D:10     | Noticed a gargoyle
  8693 | D:10     | HP: 3/93 [wizard/long sword (6)]
  8696 | D:10     | Slain by a wizard

Skill      XL: |  1  2  3  4  5  6  7  8  9 10 |
---------------+-------------------------------+-----
Axes           | 4 5 6 7 9 10 12 | 12.2
Fighting       | 4 5 6 8 10 | 10.3
Shields        | 1 2 3 4 6 8 9 |  9.3
Dodging        | 3 4 5 6 |  6.3
Armour         | 3 4 5 6 |  6.8
Unarmed Combat | |  0.7

Action                   |  1- 3 |  4- 6 |  7- 9 | 10-12 || total
-------------------------+-------+-------+-------+-------++-------
Melee: Hand axe          |    84 |   151 |   190 |       ||   425
       Headbutt          |    13 |    27 |    88 |    46 ||   174
       Mace              |       |     3 |       |       ||     3
       Unarmed           |       |       |     7 |       ||     7
       War axe           |       |       |   213 |   205 ||   418
       Dagger            |       |       |     8 |       ||     8
Invok: Berserk           |     3 |     1 |     1 |     1 ||     6
       Trog's Hand       |       |       |     1 |       ||     1
       Burn Spellbooks   |       |       |       |     2 ||     2
  Use: Scroll            |     1 |     1 |     8 |     3 ||    13
       Potion            |       |       |     5 |     1 ||     6
 Stab: Confused          |       |       |     1 |       ||     1
       Sleeping          |       |       |       |     1 ||     1
  Eat: Chunk             |     2 |     6 |    10 |     8 ||    26
       Ration            |     1 |       |     1 |     1 ||     3
Armor: Ring mail         |    13 |    38 |    69 |    42 ||   162
       Animal skin       |     3 |       |       |       ||     3
       Skin              |       |       |    18 |       ||    18
       Scale mail        |       |       |    28 |     3 ||    31
Dodge: Dodged            |    22 |    29 |    68 |    67 ||   186
Block: Large shield      |    56 |   108 |   297 |   182 ||   643
